 Dungeon Crawl Stone Soup version 0.17.0-57-g0e89251 (webtiles) character file.

58247 JokEr the Warrior (level 14, -10/104 HPs)
             Began as a Gargoyle Berserker on Dec 8, 2015.
             Was the Champion of Trog.
             Mangled by a death yak (13 damage)
             ... on level 8 of the Lair of Beasts.
             The game lasted 01:01:58 (17896 turns).

JokEr the Warrior (Gargoyle Berserker)             Turns: 17896, Time: 01:01:58

Health: -10/104    AC: 21    Str: 29    XL:     14   Next: 89%
Magic:  14/14      EV:  7    Int: 11    God:    Trog [******]
Gold:   1075       SH:  0    Dex:  6    Spells: 0 memorised, 13 levels left

rFire  . . .     SeeInvis +     K - +4 battleaxe (flame)
rCold  . . .     Clarity  .     H - +0 plate armour
rNeg   + . .     SustAt   .     (shield currently unavailable)
rPois  ∞         Gourm    .     (no helmet)
rElec  +         Spirit   .     (no cloak)
rCorr  .         Warding  .     P - +0 pair of gloves
rMut   .         Stasis   .     (no boots)
MR     +....                    L - amulet "Begakh Cypu" {+Inv Regen+ Int+4 Dex-3 Slay+5}
Stlth  ..........               g - ring of see invisible
                                x - ring "Rayxo" {+Fly rElec Str+2}

@: somewhat resistant to hostile enchantments, extremely unstealthy
A: big wings, negative energy resistance 1, electricity resistance, unbreathing,
petrification resistance, rot immunity, AC +9
a: Fly, Berserk, Trog's Hand, Brothers in Arms, Burn Spellbooks, Renounce
Religion, Evoke Invisibility, Evoke Flight


You were on level 8 of the Lair of Beasts.
You worshipped Trog.
Trog was exalted by your worship.
You were not hungry.

You visited 2 branches of the dungeon, and saw 19 of its levels.

You collected 1381 gold pieces.
You spent 306 gold pieces at shops.

Inventory:

Hand Weapons
 t - a +3 executioner's axe of electrocution
 K - a +4 battleaxe of flaming (weapon)
Armour
 D - a cursed +0 buckler
 H - a +0 plate armour (worn)
 J - a +0 shield of protection
 P - a +0 pair of gloves (worn)
Jewellery
 g - a ring of see invisible (right hand)
 x - the ring "Rayxo" (left hand) {+Fly rElec Str+2}
   (You bought it in a shop on level 4 of the Dungeon)

   [ring of strength]

   It affects your strength (+2).
   It insulates you from electricity.
   It lets you fly.
 y - an uncursed amulet of regeneration
 G - an uncursed ring of fire
 L - the amulet "Begakh Cypu" (around neck) {+Inv Regen+ Int+4 Dex-3 Slay+5}
   (You found it on level 4 of the Lair of Beasts)

   [amulet of regeneration]

   It affects your intelligence (+4).
   It affects your dexterity (-3).
   It affects your accuracy and damage with ranged weapons and melee attacks
   (+5).
   It lets you turn invisible.
   It increases your rate of regeneration.
 S - an uncursed ring of ice {unknown}
Wands
 a - a wand of invisibility (3)
 c - a wand of paralysis (13)
 i - a wand of draining (9)
 m - a wand of heal wounds (4)
 w - a wand of polymorph (12)
 C - a wand of slowing (26)
 N - a wand of enslavement (15)
 Q - a wand of enslavement (19)
 U - a wand of polymorph (9)
Scrolls
 f - 3 scrolls of teleportation
 l - a scroll of fear
 o - a scroll of identify
 q - 2 scrolls of recharging
 z - 3 scrolls of remove curse
 A - 3 scrolls of blinking
 O - a scroll of magic mapping
 T - a scroll of enchant armour
 W - a scroll of acquirement {unknown}
Potions
 b - 2 potions of haste
 e - 4 potions of invisibility
 h - 2 potions of curing
 j - 2 potions of poison
 k - 2 potions of brilliance
 p - 2 potions of berserk rage
 r - 3 potions of magic
 u - a potion of agility {unknown}
 v - 4 potions of mutation
 E - 2 potions of resistance {unknown}
 F - 2 potions of might
 M - a potion of heal wounds
 V - 2 potions of ambrosia {unknown}
Comestibles
 d - a beef jerky
 n - 5 bread rations
 s - 5 fruits
 B - 4 slices of pizza
 I - 9 royal jellies
 R - 2 meat rations


   Skills:
 + Level 18.1 Fighting
 * Level 16.6 Axes
 - Level 2.1 Armour
 - Level 1.5 Dodging


You had 13 spell levels left.
You didn't know any spells.

Dungeon Overview and Level Annotations

Branches:
Dungeon (11/15)            Temple (0/1) D:5            Lair (8/8) D:11
 Shoals (0/4) Lair:6        Snake (0/4) Lair:5          Orc (0/4) D:10
  Slime: Lair:6-8

Altars:
Ashenzari
Elyvilon
Fedhas
Gozag
Yredelemnul
Zin

Shops:
D:4 =


Innate Abilities, Weirdness & Mutations

You are resistant to torment.
Your stone body is resilient (AC +9).
You are immune to poison.
Your large and strong wings let you fly indefinitely.
You resist negative energy.
You are resistant to electric shocks.
You can survive without breathing.
You are immune to petrification.
You are immune to rotting.


Message History

The death yak is almost dead.
You barely miss the death yak.
The death yak is almost dead.
The death yak gores you!
* * * LOW HITPOINT WARNING * * *
The death yak barely misses you. The yak gores you but does no damage.
Drink which item? (? for menu, Esc to quit)
You feel much better. The death yak gores you!!
* * * LOW HITPOINT WARNING * * *
The death yak gores you.
* * * LOW HITPOINT WARNING * * *
The yak gores you.
* * * LOW HITPOINT WARNING * * *
Read which item? (? for menu, Esc to quit)
As you read the scroll of fear, it crumbles to dust.
You assume a fearsome visage.
The death yak resists with almost no effort.
The death yak looks frightened!
The yak looks frightened!
The death yak gores you!
You die...

##......#..†## #.
#......###...## #.
##....## ##...## #.
###..### ###... #.
##...## ###. ###.##
###..## ##. .Y..#
##..P# ##.. #†Y##
#P..## #..# ##@Y#
##...###.## ##..##
##........##
#..†P####..###P....#
##.....##..##
###...#
##..8.8.....# ##..†
#..8.P..8.### ###†
#.....8....# ##
.........8...P#
#P.##
....###P...#### #P..


You could see 2 death yaks and a yak (fleeing).

Vanquished Creatures
  Rupert (Lair:3)
  Snorg (Lair:4)
  Fannar (Lair:2)
  2 hydras
  3 catoblepae
  Erica (D:8)
  20 death yaks
  Sonja (Lair:2)
  A hill giant (D:10)
  An ugly thing (D:11)
  6 black mambas
  2 griffons
  2 manticores (D:11)
  A siren (Lair:6)
  4 elephants (Lair:7)
  Psyche (D:8)
  11 spiny frogs
  The ghost of Nicoed the Caller, a novice OpSu (D:5)
  3 fire drakes
  8 komodo dragons
  A polar bear (Lair:3)
  A queen bee (Lair:4)
  24 blink frogs
  Prince Ribbit (D:7)
  A troll (D:11)
  A two-headed ogre (D:11)
  A wraith (D:10)
  2 spriggans
  A wyvern (D:11)
  9 hippogriffs
  2 basilisks
  3 fire bats (Lair:2)
  23 yaks
  A hungry ghost (D:8)
  22 wolves
  12 water moccasins
  A naga (Lair:5)
  4 orc warriors
  Duvessa (D:7)
  A black bear (Lair:3)
  16 porcupines
  6 sky beasts
  8 ogres
  4 centaurs
  A necrophage (D:10)
  A wasp (D:9)
  An eye of draining (D:10)
  13 crocodiles
  18 giant frogs
  A brain worm (D:11)
  Dowan (D:7)
  A wyvern zombie (D:11)
  3 scorpions
  31 killer bees
  5 electric eels
  5 wights (D:6)
  2 crimson imps
  A giant frog zombie (D:11)
  5 orc priests
  6 hounds
  3 jellies
  A centaur skeleton (D:4)
  Ijyb (D:2)
  A centaur zombie (D:7)
  9 iguanas
  27 sheep
  13 worker ants
  A hound skeleton (D:11)
  A killer bee simulacrum (D:9)
  3 gnolls (D:7)
  14 adders
  A worker ant zombie (D:7)
  6 shadow imps
  3 white imps (D:9)
  39 river rats
  2 worker ant simulacra (D:9)
  An ooze (D:4)
  An ufetubus (D:9)
  An adder zombie (D:6)
  5 giant geckos
  31 orcs
  10 bats
  8 giant cockroaches
  6 goblins
  5 hobgoblins
  4 jackals (D:2)
  2 quokkas
  A ball python (D:5)
  7 giant newts
  5 kobolds
  A quokka skeleton (D:4)
  23 rats
  A bush (Lair:7)
  3 fungi
  8 plants
560 creatures vanquished.

Vanquished Creatures (others)
  2 fungi
  A plant (Lair:8)
3 creatures vanquished.

Grand Total: 563 creatures vanquished

Notes
Turn   | Place    | Note
--------------------------------------------------------------
     0 | D:1      | JokEr the Gargoyle Berserker began the quest for the Orb.
     0 | D:1      | Reached XP level 1. HP: 14/14 MP: 1/1
    80 | D:1      | Reached XP level 2. HP: 17/19 MP: 2/2
   276 | D:1      | Reached skill level 4 in Fighting
   358 | D:1      | Reached ** piety under Trog
   358 | D:1      | Reached XP level 3. HP: 24/24 MP: 3/3
  1153 | D:2      | Reached XP level 4. HP: 22/30 MP: 4/4
  1280 | D:2      | Found a faded altar to an unknown god.
  1487 | D:2      | Found an opulent altar of Gozag.
  1490 | D:2      | Found a glowing silver altar of Zin.
  1491 | D:2      | Noticed Ijyb
  1492 | D:2      | Found a shattered altar of Ashenzari.
  1507 | D:2      | Killed Ijyb
  1651 | D:3      | Reached *** piety under Trog
  1651 | D:3      | Reached skill level 5 in Fighting
  1651 | D:3      | Reached XP level 5. HP: 15/35 MP: 5/5
  1938 | D:3      | Found a basalt altar of Yredelemnul.
  2557 | D:4      | Found Xymu's Jewellery Boutique.
  2665 | D:4      | Reached XP level 6. HP: 38/40 MP: 6/6
  2817 | D:4      | Found an opulent altar of Gozag.
  3830 | D:4      | Bought the ring "Rayxo" {+Fly rElec Str+2} for 306 gold pieces
  3855 | D:5      | Entered Level 5 of the Dungeon
  3878 | D:5      | Found a white marble altar of Elyvilon.
  3881 | D:5      | Noticed Nicoed's ghost (novice OpSu)
  3899 | D:5      | Killed Nicoed's ghost
  3899 | D:5      | Reached skill level 6 in Fighting
  3899 | D:5      | Reached skill level 5 in Axes
  3899 | D:5      | Reached XP level 7. HP: 47/47 MP: 7/7
  3951 | D:5      | Found a staircase to the Ecumenical Temple.
  4196 | D:5      | Reached skill level 7 in Fighting
  4486 | D:5      | Reached XP level 8. HP: 37/53 MP: 8/8
  5339 | D:6      | Reached skill level 8 in Fighting
  5944 | D:6      | Reached **** piety under Trog
  6051 | D:6      | Reached skill level 9 in Fighting
  6354 | D:7      | Noticed Duvessa
  6366 | D:7      | Noticed Dowan
  6379 | D:7      | Killed Duvessa
  6379 | D:7      | Reached XP level 9. HP: 60/60 MP: 9/9
  6390 | D:7      | Killed Dowan
  7095 | D:7      | Noticed Prince Ribbit
  7107 | D:7      | Killed Prince Ribbit
  7107 | D:7      | Reached skill level 10 in Fighting
  7771 | D:8      | Noticed Erica
  7782 | D:8      | Killed Erica
  7782 | D:8      | Reached skill level 11 in Fighting
  7782 | D:8      | Reached XP level 10. HP: 70/70 MP: 10/10
  8031 | D:8      | Noticed Psyche
  8035 | D:8      | Paralysed by Psyche for 4 turns
  8044 | D:8      | Killed Psyche
  8440 | D:9      | Reached skill level 10 in Axes
  8626 | D:9      | Received a gift from Trog
  8669 | D:9      | Reached ***** piety under Trog
  9051 | D:10     | Entered Level 10 of the Dungeon
  9078 | D:10     | Reached skill level 12 in Fighting
  9534 | D:10     | Noticed a hill giant
  9548 | D:10     | Killed a hill giant
  9630 | D:10     | Found a staircase to the Orcish Mines.
  9653 | D:10     | Reached XP level 11. HP: 76/76 MP: 11/11
 10098 | D:11     | Reached skill level 13 in Fighting
 10215 | D:11     | Received a gift from Trog
 10285 | D:11     | Found a staircase to the Lair.
 10849 | Lair:1   | Entered Level 1 of the Lair of Beasts
 11370 | Lair:1   | Found a frozen archway.
 11375 | Lair:1   | Reached skill level 14 in Fighting
 11739 | Lair:2   | Reached XP level 12. HP: 72/85 MP: 12/12
 12062 | Lair:2   | Noticed Fannar
 12073 | Lair:2   | Killed Fannar
 12231 | Lair:2   | Noticed Sonja
 12408 | Lair:2   | Killed Sonja
 12505 | Lair:2   | Reached skill level 15 in Fighting
 12870 | Lair:3   | Noticed Rupert
 12882 | Lair:3   | Paralysed by Rupert for 7 turns
 12897 | Lair:3   | Killed Rupert
 13392 | Lair:3   | Reached XP level 13. HP: 71/93 MP: 13/13
 13431 | Lair:3   | Reached skill level 16 in Fighting
 13823 | Lair:4   | Received a gift from Trog
 13990 | Lair:4   | Found a blossoming altar of Fedhas.
 14118 | Lair:4   | Noticed Snorg
 14130 | Lair:4   | Killed Snorg
 14353 | Lair:4   | Reached ****** piety under Trog
 14573 | Lair:4   | Received a gift from Trog
 14595 | Lair:4   | Got a pitted iron amulet
 14961 | Lair:4   | Identified the amulet "Begakh Cypu" {+Inv Regen+ Int+4 Dex-3 Slay+5} (You found it on level 4 of the Lair of Beasts)
 15047 | Lair:5   | Found a staircase to the Snake Pit.
 15705 | Lair:6   | Reached skill level 17 in Fighting
 15802 | Lair:6   | Reached skill level 15 in Axes
 15917 | Lair:6   | Found a staircase to the Shoals.
 16139 | Lair:6   | Gained mutation: Your large and strong wings let you fly indefinitely. [Gargoyle growth]
 16139 | Lair:6   | Reached XP level 14. HP: 92/102 MP: 14/14
 16462 | Lair:7   | Received a gift from Trog
 17218 | Lair:8   | Entered Level 8 of the Lair of Beasts
 17336 | Lair:8   | Received a gift from Trog
 17781 | Lair:8   | Reached skill level 18 in Fighting
 17895 | Lair:8   | HP: 3/104 [yak (6)]
 17896 | Lair:8   | Mangled by a death yak

Action                   |  1- 3 |  4- 6 |  7- 9 | 10-12 | 13-15 || total
-------------------------+-------+-------+-------+-------+-------++-------
Melee: Hand axe          |   124 |   237 |   296 |       |       ||   657
       War axe           |       |       |   110 |   288 |       ||   398
       Executioner's axe |       |       |       |   269 |    20 ||   289
       Battleaxe         |       |       |       |       |   489 ||   489
Invok: Berserk           |       |     2 |     4 |     7 |     5 ||    18
       Burn Spellbooks   |       |     1 |       |     3 |       ||     4
 Abil: Stop Flying       |       |       |       |       |     1 ||     1
       Evoke Flight      |       |       |       |       |     1 ||     1
  Use: Scroll            |     2 |     3 |    13 |    11 |     6 ||    35
       Potion            |       |       |       |     7 |     5 ||    12
 Stab: Sleeping          |     1 |       |       |       |       ||     1
  Eat: Bread ration      |       |     4 |     1 |     2 |     1 ||     8
       Meat ration       |       |       |     3 |     1 |     3 ||     7
       Fruit             |       |       |       |    16 |     6 ||    22
       Beef jerky        |       |       |       |     1 |     1 ||     2
